 Dungeon Crawl Stone Soup version 0.31.0-11-ge490571c62 (webtiles) character file.

Game seed: 8505021960961888345

30 qw the Shooter (level 3, -8/18 HPs)
             Began as a Spriggan Hunter on Feb 4, 2024.
             Mangled by Sigmund
             ... wielding a +3 scythe of protection
              (11 damage)
             ... on level 2 of the Dungeon.
             The game lasted 00:00:02 (496 turns).

qw the Shooter (Spriggan Hunter)                     Turns: 496, Time: 00:00:02

Health: -8/18      AC:  3    Str:  7    XL:     3   Next: 5%
Magic:  4/4        EV: 19    Int: 10    God:
Gold:   74         SH:  0    Dex: 20    Spells: 2/2 levels left

rFire   . . .        a - +1 shortbow
rCold   . . .        (shield currently unavailable)
rNeg    . . .        c - +0 robe
rPois   .            e - +1 hat
rElec   .            (no cloak)
rCorr   .            (gloves unavailable)
SInv    +            (boots unavailable)
Will    .....        (no amulet)
Stlth   ++           (no ring)
HPRegen 0.23/turn    (no ring)
MPRegen 0.09/turn

%: no passive effects
@: very quick
A: very small, no large weapons, unfitting armour, see invisible, speed 3
a: no special abilities


You were on level 2 of the Dungeon.
You visited 1 branch of the dungeon, and saw 2 of its levels.

You collected 74 gold pieces.


Innate Abilities, Weirdness & Mutations

You are very small and have problems with some larger weapons.
You are too small for most types of armour.
You have supernaturally acute eyesight. (SInv)
You cover ground extremely quickly. (Speed+++)


   Skills:
 - Level 1.5 Fighting
 + Level 4.3 Ranged Weapons
 - Level 4.1 Dodging
 - Level 1.5 Stealth


You had 2 spell levels left.
You didn't know any spells.
Your spell library was empty.

Inventory:

Hand Weapons
 a - a +1 shortbow (weapon)
Armour
 c - a +0 robe (worn)
 e - a +1 hat (worn)

Dungeon Overview and Level Annotations

Branches:
Dungeon (2/15)

Altars:

Annotations:
D:2 Sigmund


Message History

The arrow hits Sigmund but does no damage.
Sigmund is moderately wounded.
A bat comes into view.
You shoot an arrow. The arrow completely misses the bat.
The bat misses you.
Sigmund points at you and mumbles some strange words.
You are confused.
Sigmund misses you. The bat closely misses you.
Sigmund gestures at you while chanting. The magic dart hits you.
The bat barely misses you.
Sigmund casts a spell.
Sigmund flickers and vanishes for a moment.
The bat misses you. Sigmund misses you. The bat misses you.
Sigmund hits you from afar with a +3 scythe of protection.
You feel less confused. The bat hits you but does no damage.
You shoot an arrow. The arrow closely misses the bat.
The bat misses you. Sigmund barely misses you.
You shoot an arrow. The arrow hits Sigmund!
Sigmund is heavily wounded.
The bat barely misses you. Sigmund misses you.
You shoot an arrow. The arrow hits the bat!
You kill the bat!
You shoot an arrow.
The arrow hits Sigmund but does no damage.
Sigmund is heavily wounded.
Sigmund screams, "Don't try to resist!"
Sigmund misses you.
You shoot an arrow. The arrow hits Sigmund.
Sigmund is heavily wounded.
Sigmund hits you from afar with a +3 scythe of protection.
You shoot an arrow. The arrow hits Sigmund.
Sigmund is heavily wounded.
Sigmund hits you from afar with a +3 scythe of protection!
Ouch! That really hurt!
You die...
Sigmund begins carving another notch in his scythe.

..#..# #.#
...>.....##..# #.#
.........##..# #.#
.........##..# #.#
.........##..# #.#
.........##..#######.#
.........##..........#
.....@...##.##########
#@# #.# #.# #.#
##.###.# #......#
########


You could see Sigmund (invisible).

Vanquished Creatures
  A gnoll (D:1)
  A dart slug (D:1)
  2 endoplasms (D:1)
  A giant cockroach (D:2)
  2 goblins (D:1)
  3 hobgoblins
  2 quokkas (D:1)
  2 bats
  2 kobolds (D:1)
  A rat (D:2)
17 creatures vanquished.

Notes
Turn   | Place    | Note
-------+----------+-------------------------------------------
     0 | D:1      | qw the Spriggan Hunter began the quest for the Orb.
     0 | D:1      | Reached XP level 1. HP: 10/10 MP: 2/2
     0 | D:1      | 0 ||| qw: Version: 0.3-a-160-g6735b56
     0 | D:1      | 0 ||| qw: Game counter: 5364
     0 | D:1      | 0 ||| qw: Melee chars always use a shield: true
     0 | D:1      | 0 ||| qw: God list: Okawaru
     0 | D:1      | 0 ||| qw: Allow faded altars: false
     0 | D:1      | 0 ||| qw: Do Orc after clearing Dungeon:15 true
     0 | D:1      | 0 ||| qw: Do second Lair branch before Depths: true
     0 | D:1      | 0 ||| qw: Lair rune preference: random
     0 | D:1      | 0 ||| qw: Goals: Normal
     0 | D:1      | 0 ||| PLANNING D:1-11
    77 | D:1      | Reached skill level 3 in Dodging
   119 | D:1      | Reached XP level 2. HP: 14/14 MP: 3/3
   349 | D:1      | 349 ||| UPGRADING to +1 hat.
   354 | D:1      | 354 ||| READING scroll labelled RUOMEK IBIJO.
   354 | D:1      | 354 ||| IDENTIFYING purple potion
   355 | D:1      | 355 ||| READING scroll labelled PEICRI JEM VASUB.
   355 | D:1      | 355 ||| ENCHANTING +0 shortbow.
   356 | D:1      | 356 ||| READING scroll labelled QYROMU ZUYN.
   361 | D:1      | 361 ||| DROPPING scroll of butterflies.
   362 | D:1      | 362 ||| DROPPING potion of invisibility.
   417 | D:2      | Reached XP level 3. HP: 18/18 MP: 4/4
   478 | D:2      | Noticed Sigmund
   495 | D:2      | HP: 3/18 [Sigmund/+3 scythe of protection (5)]
   496 | D:2      | Mangled by Sigmund

Levels and vault maps discovered:
D:1:      eino_arrival_tree_alley, layout_rooms
D:2:      layout_basic, serial_shops, nicolae_shop_advertising_works
          [nicolae_subvault_shop_adworks], nicolae_ecumenical_lake_church,
          nicolae_eternal_life, minivault_25, minmay_goblin_kobold_house,
          uniq_jessica, uniq_sigmund

Skill      XL: |  1 |
---------------+----+-----
Dodging        | 4 |  4.1
Fighting       | |  1.5
Ranged Weapons | |  4.3
Stealth        | |  1.5

Action                     || total
---------------------------++-------
   Fire: Shortbow          ||    59
    Use: Scroll            ||     3
 Armour: Robe              ||     9
  Dodge: Dodged            ||    23

Table legend:
 A = Non-vault XP
 B = Vault XP
 C = Vault XP percentage of total XP
 D = Non-vault monster count
 E = Vault monster count
 F = Vault count percentage of total count
                 A         B        C        D         E       F
            +---------+---------+-------+---------+---------+-------
      Total |      44 |       0 |   0.0 |      17 |       0 |   0.0
            +---------+---------+-------+---------+---------+-------
        D:1 |      38 |       0 |   0.0 |      13 |       0 |   0.0
        D:2 |       6 |       0 |   0.0 |       4 |       0 |   0.0
            +---------+---------+-------+---------+---------+-------
